AoeStats
← andrewthegamer

Black Forest

504977824Analyzed
4v4 RM · 25d ago on Sep 7, 2026· 98m 59s· 8 players
Game mode
Random Map
Map size
Large (8 player)
Population
200
Speed
Normal
Resources
Standard
Victory
Conquest
Starting age
Dark Age
Ending age
Imperial Age
RankedLock teamsTeams togetherTeam positionsShared explorationLock speedFull tech treeHidden civsTurbo modeCheats
Victory
Defeat
838
+13
🇨🇳 Franks · China
808
+14
🇨🇳 Georgians · China
776
+15
🇨🇳 Teutons · China
746
+17
🇷🇴 Lithuanians · Romania
851
-18
🇸🇪 Huns · Sweden
805
-16
🇷🇴 Burgundians · Romania
739
-14
🇨🇳 Celts · China
663
-11
220287
0:28 Loom
12:46 Feudal Age
13:40 Horse Collar
16:22 Castle Age
15:03 Double-Bit Axe
17:51 Bow Saw
18:56 Heavy Plow
24:11 Wheelbarrow
24:35 Scale Barding Armor
26:32 Chain Barding Armor
26:40 Bloodlines
26:48 Gold Mining
30:13 Imperial Age
28:26 Hand Cart
28:27 Stone Mining
28:51 Town Watch
30:49 Stone Shaft Mining
31:31 Ballistics
31:05 Cavalier
33:45 Crop Rotation
32:55 Paladin
34:46 Conscription
35:00 Town Patrol
38:20 Plate Barding Armor
37:56 Forging
39:07 Crenellations
39:09 Ironclad
41:38 Chemistry
40:45 Siege Engineers
40:51 Masonry
41:20 Iron Casting
40:39 Fletching
45:34 Hoardings
44:21 Elite Teutonic Knight
47:32 Blast Furnace
46:36 Scale Mail Armor
46:33 Bodkin Arrow
47:42 Two-Man Saw
48:41 Chain Mail Armor
49:43 Bombard Tower
49:56 Plate Mail Armor
64:26 Coinage
64:08 Guilds
77:29 Caravan
79:43 Squires
79:29 Gambesons
79:04 Pikeman
80:52 Halberdier
97:42 Spies/Treason
无奈独上青楼
0:36 Loom
12:34 Feudal Age
19:18 Castle Age
17:15 Double-Bit Axe
17:22 Stone Mining
17:34 Horse Collar
24:31 Fervor
28:26 Treadmill Crane
29:47 Heavy Plow
30:05 Bow Saw
30:49 Gold Mining
31:34 Stone Shaft Mining
34:42 Imperial Age
33:19 Fortified Wall
34:25 Forging
34:21 Scale Barding Armor
35:07 Wheelbarrow
34:17 Town Watch
35:35 Elite Monaspa
36:36 Conscription
36:35 Caravan
37:45 Crop Rotation
37:19 Husbandry
37:34 Bloodlines
38:12 Hand Cart
37:57 Town Patrol
38:35 Iron Casting
38:20 Chain Barding Armor
38:53 Aznauri Cavalry
38:22 Light Cavalry
40:24 Capped Ram
41:26 Siege Engineers
42:46 Onager
44:23 Guilds
44:47 Coinage
45:45 Chemistry
44:56 Masonry
45:28 Hussar
51:10 Blast Furnace
50:45 Plate Barding Armor
56:52 Architecture
56:43 Ballistics
61:41 Scale Mail Armor
61:31 Fletching
61:41 Padded Archer Armor
62:15 Banking
67:04 Chain Mail Armor
79:51 Bodkin Arrow
80:12 Leather Archer Armor
80:47 Elite Skirmisher
81:44 Bracer
82:15 Plate Mail Armor
87:38 Pikeman
88:19 Squires
精神老头
11:17 Feudal Age
13:53 Wheelbarrow
17:02 Castle Age
18:03 Double-Bit Axe
24:24 Bow Saw
28:15 Forging
29:01 Gold Mining
29:57 Forging
29:53 Scale Barding Armor
33:35 Imperial Age
31:30 Hand Cart
31:03 Loom
31:03 Town Watch
32:23 Iron Casting
32:09 Chain Barding Armor
33:16 Town Patrol
34:23 Husbandry
35:07 Chivalry
35:44 Caravan
36:15 Coinage
35:21 Cavalier
36:47 Gold Shaft Mining
36:39 Paladin
39:15 Blast Furnace
38:51 Plate Barding Armor
39:18 Conscription
40:23 Banking
46:53 Stone Mining
55:35 Hoardings
57:39 Chemistry
56:59 Ballistics
56:50 Masonry
57:59 Siege Engineers
57:49 Murder Holes
58:05 Fortified Wall
57:45 Guard Tower
57:41 Arrowslits
74:52 Scale Mail Armor
74:43 Fletching
74:54 Padded Archer Armor
75:33 Architecture
74:33 Light Cavalry
75:40 #83
74:40 Elite Throwing Axeman
75:15 Arson
75:30 Squires
75:16 Gambesons
78:06 Heavy Scorpion
82:12 Chain Mail Armor
81:53 Bodkin Arrow
97:27 Pikeman
97:28 Man-at-Arms
打帝国需要戴老花镜
8:59 Loom
12:41 Feudal Age
14:34 Wheelbarrow
17:14 Castle Age
14:58 Horse Collar
15:38 Fletching
16:07 Padded Archer Armor
17:03 Forging
17:11 Scale Barding Armor
17:23 Gold Mining
18:05 Double-Bit Axe
19:19 Town Watch
23:53 Caravan
25:02 Bodkin Arrow
25:53 Leather Archer Armor
27:28 Hand Cart
29:24 Iron Casting
32:36 Imperial Age
30:36 Bloodlines
30:27 Husbandry
32:09 Scale Mail Armor
32:59 Kshatriyas
34:25 Elite Elephant Archer
35:22 Bracer
35:54 Conscription
36:49 Chain Mail Armor
38:23 Chemistry
40:23 Scale Barding Armor
41:46 Elite Chakram Thrower
45:41 Plate Mail Armor
45:41 Elite Skirmisher
47:29 Hoardings
47:35 Chain Barding Armor
49:11 Ballistics
50:22 Thumb Ring
56:41 Plate Barding Armor
55:53 Onager
56:58 Man-at-Arms
58:16 Long Swordsman
59:21 Two-Handed Swordsman
67:32 Arson
68:12 Siege Elephant
74:45 Heavy Camel Rider
74:48 Elite Shrivamsha Rider
78:35 Light Cavalry
80:09 Heavy Scorpion
81:04 Hussar
86:22 Frontier Guards
95:45 Coinage
98:17 Spies/Treason
andrewthegamer
0:33 Loom
13:32 Feudal Age
14:25 Horse Collar
14:33 Double-Bit Axe
19:12 Castle Age
19:58 Heavy Plow
20:10 Bow Saw
24:45 Caravan
25:22 Squires
25:08 Arson
26:34 Wheelbarrow
26:40 Town Watch
27:06 Stone Mining
27:11 Gold Mining
28:14 Hand Cart
28:46 Town Patrol
29:07 Fortified Wall
28:38 Treadmill Crane
29:20 Ballistics
30:25 Stone Mining
30:33 Pikeman
31:18 Scale Mail Armor
31:29 Forging
32:02 Stone Shaft Mining
34:52 Imperial Age
33:34 Iron Casting
33:14 Chain Mail Armor
34:33 Fletching
34:49 Scale Barding Armor
36:02 Crop Rotation
34:56 Elite Leitis
35:57 Conscription
36:17 Hoardings
37:26 Chemistry
38:38 Bombard Tower
39:44 Guilds
41:00 Murder Holes
41:15 Masonry
41:32 Chain Barding Armor
41:08 Bodkin Arrow
41:41 Halberdier
46:35 Plate Barding Armor
46:01 Bracer
49:53 Man-at-Arms
51:00 Tower Shields
71:09 Husbandry
70:30 Light Cavalry
71:23 Bloodlines
77:05 Two-Man Saw
Trollslaendan
4:43 Loom
14:33 Feudal Age
20:43 Castle Age
20:11 Double-Bit Axe
26:05 Masonry
26:17 Ballistics
27:23 Murder Holes
27:43 Thumb Ring
28:06 Caravan
28:18 Squires
28:22 Pikeman
29:19 Town Watch
31:36 Fishing Lines
35:26 Imperial Age
33:35 Bow Saw
34:39 Wheelbarrow
34:05 Town Patrol
34:41 Fletching
34:51 Padded Archer Armor
34:53 Scale Mail Armor
37:19 Chemistry
36:47 Parthian Tactics
37:45 Conscription
39:38 Leather Archer Armor
39:19 Bodkin Arrow
40:15 Chain Mail Armor
40:10 Forging
41:20 Bracer
42:08 Halberdier
45:14 Iron Casting
44:44 Scale Barding Armor
56:38 Gillnets
59:07 Elite Skirmisher
61:39 Coinage
61:20 Guilds
84:17 Two-Man Saw
WINGER
0:31 Loom
12:50 Feudal Age
18:14 Castle Age
16:41 Horse Collar
16:49 Double-Bit Axe
19:26 Gold Mining
19:27 Stone Mining
19:59 Bow Saw
19:58 Heavy Plow
21:45 Stone Shaft Mining
22:55 Gold Shaft Mining
33:35 Imperial Age
31:17 Fishing Lines
31:51 Forging
31:46 Scale Barding Armor
32:18 Wheelbarrow
32:21 Pikeman
33:41 Iron Casting
33:11 Scale Mail Armor
33:24 Fortified Wall
33:25 Masonry
34:29 Furor Celtica
34:40 Conscription
34:24 Gillnets
34:56 Guilds
34:47 Caravan
35:58 Hand Cart
35:36 Onager
35:39 Capped Ram
36:13 Stronghold
37:47 Chain Mail Armor
38:47 Chemistry
38:08 Ballistics
38:52 Blast Furnace
38:14 Siege Ram
39:15 Medium Warships
38:54 Arson
40:34 Plate Mail Armor
39:56 Fletching
39:57 Heavy Scorpion
40:16 Halberdier
41:41 Siege Onager
44:21 Hoardings
44:06 Fortified Wall
43:43 Treadmill Crane
44:50 Town Watch
46:04 Bodkin Arrow
53:31 Siege Engineers
63:12 Elite Woad Raider
bacau
0:43 Loom
5:57 Wheelbarrow
10:32 Feudal Age
9:13 Horse Collar
9:22 Double-Bit Axe
11:01 Town Watch
11:05 Horse Collar
13:28 Bow Saw
17:57 Wheelbarrow
19:07 Gold Mining
19:07 Stone Mining
18:43 Man-at-Arms
19:08 Arson
20:52 Forging
20:43 Arson
21:50 Heavy Plow
22:22 Scale Mail Armor
25:47 Castle Age
24:59 Gold Shaft Mining
24:22 Fletching
25:48 Hand Cart
26:17 Stone Shaft Mining
26:54 Squires
27:36 Iron Casting
27:16 Chain Mail Armor
28:13 Caravan
30:00 Two-Man Saw
30:26 Crop Rotation
30:33 Chain Mail Armor
31:33 Long Swordsman
31:34 Pikeman
31:43 Elite Skirmisher
32:22 Murder Holes
32:08 Treadmill Crane
32:49 Ballistics
32:45 Masonry
33:50 Scale Barding Armor
33:48 Padded Archer Armor
34:52 Town Patrol
40:39 Imperial Age
39:02 Chain Barding Armor
38:37 Bodkin Arrow
42:28 Blast Furnace
42:03 Plate Barding Armor
43:25 Bodkin Arrow
44:00 Plate Mail Armor
44:54 Architecture
45:27 Chemistry
44:13 Arrowslits
44:58 Conscription
44:56 Arrowslits
44:50 Halberdier
47:29 Burgundian Vineyards
48:45 Plate Barding Armor
48:12 Bracer
50:59 Leather Archer Armor
54:09 Elite Coustillier
55:26 Hoardings
57:13 Fortified Wall
61:48 Two-Handed Swordsman
63:45 Champion
Connection lost

Rejoining the realm…

Still unreachable

The connection could not be restored.

Session expired

The server has moved on; the page needs a fresh start.